Map: Dusk Towers

Players

Miszu - Winner!

  • Race: Terran Terran
  • League: Grandmaster

IlIlIlIlIlIl

  • Race: Zerg Zerg
  • League: Grandmaster

VOD

Have the link to the VOD?

Description

Time

  • Played on: Feb. 8, 2016, 1:34 p.m.
  • Length: 4:55
Show
View Real Time Build Order
Export as new Build Order

Miszu Terran - Winner!

Build Orders:  

Get SALT Encoding   

  12  0:01  SCV  
  13  0:13  SCV  
  14  0:18  Supply Depot  
  14  0:26  SCV  
  15  0:41  SCV  
  15  0:42  Barracks  
  16  0:45  Refinery  
  16  0:53  SCV  
  17  1:05  SCV  
  18  1:17  SCV  
  19  1:29  Orbital Command  
  19  1:30  Barracks Reactor  
  19  1:40  Command Center  
  19  1:52  Supply Depot  
  19  1:54  SCV  
  20  2:07  Reaper x2, SCV  
  23  2:19  SCV  
  24  2:28  Command Center  
  24  2:31  SCV  
  25  2:43  Reaper x2, SCV  
  28  2:53  Orbital Command  
  28  2:55  SCV  
  28  2:57  Refinery  
  29  3:07  SCV  
  29  3:12  Barracks  
  30  3:13  Barracks  
  30  3:19  SCV x2  
  32  3:21  Reaper x2  
  34  3:31  SCV x2  
  36  3:43  SCV  
  37  3:48  SCV  
  37  3:50  Orbital Command  
  37  3:53  Marine  
  37  3:54  Marine  
  40  3:55  SCV  
  40  4:00  SCV  
  40  4:01  Barracks Tech Lab x2  
  42  4:03  Factory  
  42  4:04  Refinery x2  
  42  4:08  SCV  
  43  4:11  Marine x2  
  43  4:12  SCV  
  46  4:19  Marine  
  46  4:20  SCV  
  48  4:25  Marine  
  48  4:29  Marine x2  
  51  4:37  Marine  
Show
View Real Time Build Order
Export as new Build Order

IlIlIlIlIlIl Zerg 

Build Orders: Hatch First 

Get SALT Encoding   

  12  0:03  Drone  
  13  0:14  Overlord  
  13  0:20  Drone  
  14  0:33  Drone x2  
  16  0:38  Drone  
  17  0:53  Hatchery  
  17  0:55  Drone  
  17  0:59  Drone  
  18  1:10  Extractor  
  17  1:13  Spawning Pool  
  17  1:16  Drone  
  17  1:20  Drone  
  18  1:31  Drone  
  19  1:44  Overlord  
  19  2:03  Queen  
  19  2:04  Zergling x4  
  19  2:06  Queen  
  19  2:08  Drone  
  26  2:11  Metabolic Boost  
  26  2:14  Drone  
  27  2:18  Drone  
  28  2:35  Zergling x6  
  31  2:38  Queen  
  35  2:48  Pneumatized Carapace  
  33  2:52  Evolution Chamber  
  33  2:53  Overlord  
  32  3:00  Zergling x8  
  36  3:09  Overlord  
  36  3:17  Zergling x2  
  36  3:18  Zergling x8  
  41  3:29  Zergling x4  
  43  3:46  Zergling x2  
  43  3:47  Zergling x6  
  45  3:56  Zergling x6  
  45  3:57  Baneling Nest  
  45  3:59  Zergling x2  
  48  4:08  Zergling x4  
  50  4:14  Zergling x2  
  50  4:16  Overlord  
  51  4:22  Overlord  
Tags
 
Add a new tag
Caveats
  • Supply blocks, unpowered buildings, or Contaminate may cause inaccurate times.
  • Supply counts are checked every 10 seconds.